 Dungeon Crawl Stone Soup version 0.27.1-34-g3ba077fa99 (webtiles) character file.

Game seed: 8272218382597349117

7728 LLlMATKO the Fighter (level 11, -4/99 HPs)
             Began as a Minotaur Berserker on Jan 9, 2022.
             Was a High Priest of Trog.
             Succumbed to Sonja's curare-tipped dart
             ... on level 11 of the Dungeon.
             The game lasted 00:12:27 (13265 turns).

LLlMATKO the Fighter (Minotaur Berserker)          Turns: 13265, Time: 00:12:28

Health: -4/99      AC: 15    Str: 22    XL:     11   Next: 0%
Magic:  10/10      EV:  6    Int:  4    God:    Trog [*****.]
Gold:   468        SH: 17    Dex: 13    Spells: 10/10 levels left

rFire    . . .     SeeInvis .   q - +0 hand axe (vorpal)
rCold    . . .     Faith    .   j - +0 tower shield
rNeg     . . .     Spirit   .   p - +0 plate armour
rPois    .         Reflect  .   (helmet restricted)
rElec    .         Harm     .   v - +0 cloak
rCorr    .         Rampage  .   (no gloves)
Will     .....                  (no boots)
Stlth    ..........             (no amulet)
HPRegen  0.26/turn              (no ring)
MPRegen  0.12/turn              (no ring)

@: lethally poisoned (-4 -> -18), on berserk cooldown, slowed, very slow
A: horns 2, retaliatory headbutt
a: Renounce Religion, Berserk, Trog's Hand, Brothers in Arms


You were on level 11 of the Dungeon.
You worshipped Trog.
Trog was extremely pleased with you.
You visited 1 branch of the dungeon, and saw 11 of its levels.

You collected 513 gold pieces.
You spent 45 gold pieces at shops.

Inventory:

Hand Weapons
 b - a +0 flail
 q - a +0 vorpal hand axe (weapon)
 r - a +2 whip of freezing
Missiles
 c - 8 boomerangs
 w - 26 poisoned darts (quivered)
Armour
 j - a +0 tower shield (worn)
 p - a +0 plate armour (worn)
 v - a +0 cloak (worn)
Jewellery
 y - a ring of ice
Scrolls
 d - 4 scrolls of enchant weapon {unknown}
 g - 6 scrolls of identify {unknown}
 i - a scroll of acquirement {unknown}
 k - a scroll of vulnerability {unknown}
 l - 8 scrolls of teleportation {unknown}
 m - 3 scrolls of amnesia {unknown}
 s - a scroll of torment {unknown}
 u - a scroll of enchant armour {unknown}
 z - a scroll of noise {unknown}
Potions
 a - 2 potions of haste {unknown}
 e - 2 potions of degeneration {unknown}
 f - 3 potions of curing {unknown}
 h - 7 potions of heal wounds {unknown}
 n - a potion of might {unknown}
 o - a potion of flight {unknown}
 t - a potion of attraction {unknown}
 x - a potion of cancellation {unknown}


   Skills:
 + Level 9.9 Fighting
 + Level 9.9 Maces & Flails
 + Level 9.5 Armour
 + Level 8.8 Dodging
 + Level 8.4 Shields


You had 10 spell levels left.
You didn't know any spells.
Your spell library was empty.

Dungeon Overview and Level Annotations

Branches:
Dungeon (11/15)            Temple (0/1) D:4            Lair (0/6) D:8
    Orc: D:9-12

Altars:
Ashenzari
Fedhas
Gozag
Hepliaklqana
Makhleb
Nemelex Xobeh
Okawaru
Qazlal
Sif Muna
Trog
Uskayaw
Xom
The Shining One

Shops:
D:2 (((?(   D:3 [

Annotations:
D:7 3 runed translucent doors, sydd's ghost, novice DgFi
D:11 Sonja


Innate Abilities, Weirdness & Mutations

You have a pair of horns on your head.
You reflexively headbutt those who attack you in melee.


Message History

You headbutt Sonja! You block Sonja's attack. x2
You completely miss Sonja.
Sonja is heavily wounded.
Sonja hits you with a +1 dagger of distortion.
Space warps horribly around you!! You block Sonja's attack.
Sonja hits you but does no damage. Sonja barely misses you.
You block Sonja's attack. x2; Sonja hits you but does no damage.
Space bends around you.
Sonja hits you with a +1 dagger of distortion.
* * * LOW HITPOINT WARNING * * *
Space warps horribly around you!
* * * LOW HITPOINT WARNING * * *
Sonja hits you with a +1 dagger of distortion.
* * * LOW HITPOINT WARNING * * *
You blink.
Throw: 28 darts (poison)
Press: ? - help, Q - select action, (/) - cycle Shift-Dir - straight line, f - Sonja
Aim: Sonja, wielding a +1 dagger of distortion and quivering curare-tipped darts (heavily wounded, 13% to hit)
You throw a poisoned dart. The poisoned dart misses Sonja.
Sonja gestures wildly while chanting.
Sonja blinks!
You start resting.
Sonja gestures wildly while chanting.
Sonja blinks!
Throw: 27 darts (poison)
Press: ? - help, Q - select action, (/) - cycle Shift-Dir - straight line, f/p - Sonja
Aim: Sonja, wielding a +1 dagger of distortion and quivering curare-tipped darts (heavily wounded, 9% to hit)
You throw a poisoned dart.
The poisoned dart completely misses Sonja.
Sonja throws a curare-tipped dart.
The curare-tipped dart closely misses you.
Sonja throws a curare-tipped dart.
The curare-tipped dart closely misses you.
Sonja throws a curare-tipped dart.
The curare-tipped dart hits you.
You are lethally poisoned!
You have difficulty breathing.
* * * LOW HITPOINT WARNING * * *
You feel as though you will be slow longer.
Unknown command.
You die...

#.#...........#
#####...#######((.#
......### #...#
##.############...#
#.○..............#
..#############..#
##.# ##.(# #.#
#...###### ..#
#.@....... #B#
#.K....... ..#
##########


You could see Sonja.

Vanquished Creatures
  A boulder beetle (D:11)
  2 two-headed ogres
  A komodo dragon (D:8)
  A troll (D:6)
  Sigmund (D:2)
  5 yaks (D:10)
  3 wyverns
  2 wraiths
  2 steam dragons
  Menkaure (D:7)
  A water moccasin (D:6)
  2 acid dragons
  3 orc warriors
  A sky beast (D:7)
  3 centaurs
  A necrophage (D:5)
  An ogre (D:6)
  5 bullfrogs
  A gnoll sergeant (D:7)
  3 scorpions
  3 killer bees (D:9)
  4 wights (D:9)
  9 howler monkeys
  2 bullfrog zombies
  2 centaur zombies (D:9)
  2 hounds
  4 jellies
  A centaur skeleton (D:4)
  4 orc priests
  A gnoll shaman (D:8)
  6 orc wizards
  A scorpion zombie (D:5)
  3 iguanas
  A killer bee zombie (D:8)
  A hound skeleton (D:5)
  7 gnolls
  A howler monkey skeleton (D:5)
  12 adders
  2 shadow imps
  A white imp (D:7)
  2 worms
  2 dart slugs
  30 orcs
  8 ball pythons
  7 endoplasms
  5 giant cockroaches
  5 goblins
  7 hobgoblins
  5 jackals
  4 quokkas
  6 bats
  6 frilled lizards
  6 kobolds
  2 rats
202 creatures vanquished.

Vanquished Creatures (others)
  4 fungi (D:8)
  13 plants
17 creatures vanquished.

Grand Total: 219 creatures vanquished

Notes
Turn   | Place    | Note
-------+----------+-------------------------------------------
     0 | D:1      | LLlMATKO the Minotaur Berserker began the quest for the
                  | Orb.
     0 | D:1      | Reached XP level 1. HP: 19/19 MP: 0/0
     6 | D:1      | Noticed a lindwurm
     6 | D:1      | Noticed a polar bear
     6 | D:1      | Noticed a water moccasin
     7 | D:1      | Noticed a rime drake
   300 | D:1      | Reached XP level 2. HP: 26/27 MP: 1/1
   533 | D:1      | Found a faded altar of an unknown god.
   554 | D:1      | Reached XP level 3. HP: 33/33 MP: 2/2
   585 | D:1      | Reached ** piety under Trog
  1112 | D:1      | Found a faded altar of an unknown god.
  1569 | D:2      | Found Jope's Weapon Shop.
  1687 | D:2      | Found Idiucvet's Antique Weapon Shop.
  1689 | D:2      | Found Haallua's Antique Weapon Boutique.
  1798 | D:2      | Found Vorudwa's Magic Scroll Shoppe.
  1858 | D:2      | Reached XP level 4. HP: 21/40 MP: 3/3
  2280 | D:2      | Found Curorogh's Weapon Emporium.
  2457 | D:2      | Noticed Sigmund
  2465 | D:2      | Killed Sigmund
  2466 | D:2      | Reached XP level 5. HP: 35/47 MP: 4/4
  2587 | D:3      | Reached skill level 5 in Maces & Flails
  2654 | D:3      | Reached skill level 5 in Fighting
  2704 | D:3      | Found Fuyteomu's Armour Shoppe.
  2707 | D:3      | Bought a +0 tower shield for 45 gold pieces
  3102 | D:3      | Reached XP level 6. HP: 55/56 MP: 5/5
  3182 | D:3      | Reached *** piety under Trog
  3198 | D:3      | Found a broken altar of Ashenzari.
  3200 | D:3      | Found a shimmering altar of Xom.
  3204 | D:3      | Found a stormy altar of Qazlal.
  3204 | D:3      | Found a shimmering blue altar of Sif Muna.
  3207 | D:3      | Found a glowing golden altar of the Shining One.
  3208 | D:3      | Found a sparkling altar of Nemelex Xobeh.
  3318 | D:3      | Found an iron altar of Okawaru.
  3319 | D:3      | Found a bloodstained altar of Trog.
  3462 | D:3      | Found Fuyteomu's Armour Shoppe.
  3554 | D:3      | Found a broken altar of Ashenzari.
  3557 | D:3      | Found a shimmering altar of Xom.
  3561 | D:3      | Found a stormy altar of Qazlal.
  3562 | D:3      | Found a shimmering blue altar of Sif Muna.
  3564 | D:3      | Found a glowing golden altar of the Shining One.
  3565 | D:3      | Found a sparkling altar of Nemelex Xobeh.
  3724 | D:3      | Found an iron altar of Okawaru.
  3725 | D:3      | Found a bloodstained altar of Trog.
  3955 | D:4      | Reached skill level 1 in Shields
  4136 | D:4      | Noticed a wyvern
  4147 | D:4      | HP: 1/84 [wyvern (12)]
  4148 | D:4      | Killed a wyvern
  4149 | D:4      | Reached skill level 5 in Armour
  4149 | D:4      | Reached XP level 7. HP: 1/62 MP: 6/6
  4812 | D:4      | Found a staircase to the Ecumenical Temple.
  4953 | D:5      | Entered Level 5 of the Dungeon
  5169 | D:5      | Found an opulent altar of Gozag.
  5289 | D:5      | Found a hide-covered altar of Uskayaw.
  5304 | D:5      | Reached skill level 5 in Dodging
  5722 | D:5      | Reached XP level 8. HP: 67/70 MP: 7/7
  6039 | D:6      | Reached **** piety under Trog
  6526 | D:6      | Noticed a troll
  6531 | D:6      | Killed a troll
  6944 | D:6      | You fall into a shaft and drop 2 floors!
  6959 | D:8      | Reached skill level 5 in Shields
  7103 | D:7      | Reached XP level 9. HP: 73/79 MP: 8/8
  7923 | D:7      | Identified the +6 dagger "Nucsenn" {freeze, rC+}
  8354 | D:7      | Found a blossoming altar of Fedhas.
  8580 | D:7      | Found a runed translucent gate.
  8580 | D:7      | Found a runed translucent gate.
  8580 | D:7      | Found a runed translucent gate.
  8582 | D:7      | Noticed sydd's ghost (novice DgFi)
  8632 | D:7      | Noticed Menkaure
  8643 | D:7      | Killed Menkaure
  8930 | D:8      | Reached ***** piety under Trog
  9208 | D:8      | Noticed a komodo dragon
  9230 | D:8      | Killed a komodo dragon
  9873 | D:8      | Found a staircase to the Lair.
  9881 | D:8      | Reached XP level 10. HP: 82/90 MP: 9/9
  9953 | D:9      | Noticed a two-headed ogre
  9960 | D:9      | Killed a two-headed ogre
 10595 | D:9      | Found a hazy altar of Hepliaklqana.
 11509 | D:10     | Entered Level 10 of the Dungeon
 11572 | D:10     | Noticed a two-headed ogre
 11584 | D:10     | Killed a two-headed ogre
 12251 | D:10     | Found a burning altar of Makhleb.
 12743 | D:11     | Noticed a boulder beetle
 12787 | D:11     | Killed a boulder beetle
 12788 | D:11     | Reached XP level 11. HP: 20/99 MP: 10/10
 13247 | D:11     | Noticed Sonja
 13264 | D:11     | HP: 1/99 [asphyx]
 13265 | D:11     | Succumbed to Sonja's curare-tipped dart

Illustrated notes

Levels and vault maps discovered:
D:1:      onia_arrival_zoo_common, layout_loops_ring,
          dreamdust_ecumenical_altar_angels_and_demons, minmay_tetromino_s2
D:2:      layout_loops_ring, serial_shops, shop, shop, shop_statue, shop,
          nicolae_shop_window_shopping, uniq_sigmund
D:3:      layout_rooms, grunt_temple_overflow_bloody_war, minitemple,
          serial_shops, nicolae_shop_behind_doors
D:4:      cheibrodos_quashed, layout_rooms, minmay_temple_entry_fiery,
          serial_forest, infiniplex_forest_straight_3,
          infiniplex_forest_clump_small, infiniplex_forest_zigzag_2,
          infiniplex_forest_clump_small, infiniplex_forest_end_2,
          minmay_bisected
D:5:      layout_basic, kennysheep_mini_moat,
          nicolae_uskayaw_murder_on_the_dancefloor
D:6:      layout_rooms
D:7:      kennysheep_spiral_hall, layout_basic, fedhas_altar_1,
          gammafunk_ghost_necromancy, uniq_menkaure
D:8:      layout_basic, grunt_lair_entry_orc_guard_hut
D:9:      layout_layer_cave, nicolae_hepliaklqana_hippocampus
D:10:     layout_roguey, mainiacjoe_overflow_concentric_impassable
D:11:     gammafunk_mikee_crab_dinner, layout_loops_ring, uniq_sonja,
          uniq_fannar

Skill      XL: |  1  2  3  4  5  6  7  8  9 10 |
---------------+-------------------------------+-----
Maces & Flails | 4 5 6 7 8 9 |  9.9
Fighting       | 4 5 6 7 8 9 |  9.9
Armour         | 3 4 5 6 8 9 |  9.5
Dodging        | 3 4 5 6 7 8 |  8.8
Shields        | 2 3 5 6 8 |  8.4

Action                   |  1- 3 |  4- 6 |  7- 9 | 10-12 || total
-------------------------+-------+-------+-------+-------++-------
Melee: Mace              |    17 |       |       |       ||    17
       Headbutt          |    12 |    26 |    72 |    37 ||   147
       Flail             |    49 |   135 |   147 |       ||   331
       Hand axe          |       |       |   195 |   140 ||   335
Throw: Boomerang         |       |       |     5 |     1 ||     6
       Dart              |       |       |       |    18 ||    18
Invok: Berserk           |       |     4 |     6 |     8 ||    18
 Stab: Distracted        |       |       |     1 |       ||     1
Armor: Animal skin       |     4 |       |       |       ||     4
       Chain mail        |    37 |    84 |    41 |       ||   162
       Plate armour      |       |       |   113 |    73 ||   186
Dodge: Dodged            |    35 |    34 |    60 |    36 ||   165
Block: Tower shield      |       |    75 |   320 |   141 ||   536
